 Dungeon Crawl Stone Soup version 0.23.2-33-g5129a83184 (webtiles) character file.

Game seed: 12546733182200119621

413 Ivernyr the Caller (level 6, -1/46 HPs)
             Began as a Draconian Summoner on July 5, 2019.
             Killed by nerve-wracking pain
             ... invoked by an orc priest
              (9 damage)
             ... on level 4 of the Dungeon.
             The game lasted 00:15:22 (4512 turns).

Ivernyr the Caller (Draconian Summoner)             Turns: 4512, Time: 00:15:22

Health: -1/46      AC:  8    Str: 10    XL:     6   Next: 59%
Magic:  7/12       EV: 17    Int: 17    God:
Gold:   137        SH:  0    Dex: 12    Spells: 4/13 levels left

rFire    . . .     SeeInvis .   d - +0 trident
rCold    . . .     Gourm    .   (no shield)
rNeg     . . .     Faith    .   (armour unavailable)
rPois    .         Spirit   .   (helmet restricted)
rElec    .         Reflect  .   o - +0 cloak
rCorr    .         Harm     .   (no gloves)
MR       .....                  p - +0 pair of boots
Stlth    ++........             (no amulet)
HPRegen  0.15/turn              a - +4 ring of evasion
MPRegen  0.13/turn              (no ring)

@: no status effects
A: unfitting armour, cold-blooded, AC +6
a: no special abilities


You were on level 4 of the Dungeon.
You were hungry.

You visited 1 branch of the dungeon, and saw 4 of its levels.

You collected 137 gold pieces.

Inventory:

Hand Weapons
 d - a +0 trident (weapon)
Armour
 o - a +0 cloak (worn)
 p - a +0 pair of boots (worn)
 q - a +0 shield
Jewellery
 a - a +4 ring of evasion (left hand)
Wands
 l - a wand of acid (13)
Scrolls
 c - a scroll of remove curse {unknown}
 e - 5 scrolls of identify {unknown}
 f - a scroll of fear {unknown}
 g - a scroll of enchant weapon {unknown}
 i - a scroll of immolation {unknown}
 n - a scroll of amnesia {unknown}
 r - 2 scrolls of teleportation {unknown}
 t - a scroll of magic mapping {unknown}
Potions
 h - 2 potions of curing {unknown}
 j - a potion of flight {unknown}
 k - a potion of brilliance {unknown}
 m - a potion of degeneration {unknown}
 u - a potion of heal wounds {unknown}
 v - a potion of ambrosia {unknown}
Comestibles
 b - 6 rations
 s - a chunk of flesh


   Skills:
 - Level 0.7 Fighting
   Level 0.6 Maces & Flails
 - Level 0.4 Polearms
 + Level 3.1 Dodging
 - Level 2.6 Stealth
 + Level 1.4 Shields
 * Level 4.2 Spellcasting
 + Level 5.1 Summonings


You had 4 spell levels left.
You knew the following spells:

 Your Spells              Type           Power        Failure   Level  Hunger
a - Summon Small Mammal   Summ           ###.         1%          1    None
b - Call Imp              Summ           ###.....     2%          2    ##.....
c - Call Canine Familiar  Summ           ###.....     5%          3    ###....
d - Summon Guardian Gole  Hex/Summ       ##......     16%         3    ###....

Your spell library contained the following spells:

 Spells                   Type           Power        Failure   Level  Hunger
 Animate Skeleton         Necr           N/A          16%         1    None
 Apportation              Tloc           #.....       16%         1    None
 Beastly Appendage        Tmut           #.....       16%         1    None
 Confusing Touch          Hex            #.....       16%         1    None
 Sticks to Snakes         Tmut           #.......     24%         2    ##.....
 Spider Form              Tmut/Pois      #.........   43%         3    ###....
 Summon Ice Beast         Ice/Summ       ##......     47%         4    ####...
 Summon Lightning Spire   Summ/Air       ##......     47%         4    ####...
 Ice Form                 Ice/Tmut       #.......     83%         4    ####...
 Blade Hands              Tmut           #.........   99%         5    ######.


Dungeon Overview and Level Annotations

Branches:
Dungeon (4/15)
 Temple: D:4-7

Altars:
Kikubaaqudgha
Uskayaw


Innate Abilities, Weirdness & Mutations

Your plain brown scales are hard. (AC +6)
You cannot fit into any form of body armour.
You are cold-blooded and may be slowed by cold attacks.


Message History

You tail-slap the orc priest, but do no damage.
The orc priest is severely wounded.
Your hound disappears in a puff of smoke!
The orc priest hits you but does no damage.
You hear some strange, mumbled words.
Something tries to affect you, but you resist.
The orc priest hits you but does no damage.
You barely miss the orc priest.
The orc priest is severely wounded.
Something hits you but does no damage.
The orc priest mumbles some strange prayers to Beogh against you.
Pain shoots through your body!
* * * LOW HITPOINT WARNING * * *
Your crimson imp hits the orc priest but does no damage.
You hear some strange, mumbled words.
Something tries to affect you, but you resist.
Something closely misses your crimson imp.
The orc priest calls down the wrath of Beogh upon you.
Pain shoots through your body!
You die...

##......#.###'#####...##..###.#
############..#########.......
#....................
#...........##...##..
#...........##...##..
#...........+....#...
#...........#....#... ##
###..####.####...####
#..###.@####'####...####
......).......#........#
......5o......#....(...+
.......{...............#
#######.####....รท....###
#...###.########.....###
#..5.))....# #.........
#..........# #.........
#....##...## ##.##..##.


You could see an orc priest and a friendly crimson imp.

Vanquished Creatures
  An ogre (D:4)
  A scorpion (D:4)
  An orc wizard (D:3)
  2 iguanas (D:4)
  A worker ant (D:4)
  An adder (D:4)
  An ooze (D:1)
  3 dart slugs
  A leopard gecko (D:1)
  2 orcs (D:3)
  3 goblins
  5 hobgoblins
  3 jackals
  4 kobolds
  A quokka (D:4)
  4 bats
  3 frilled lizards (D:1)
  4 rats
41 creatures vanquished.

Vanquished Creatures (collateral kills)
  Sigmund (D:2)
  2 hounds (D:4)
  Crazy Yiuf (D:2)
  2 adders
  A dart slug (D:1)
  7 orcs
  A goblin (D:1)
  2 hobgoblins (D:1)
  2 jackals (D:3)
  2 bats
  A frilled lizard (D:1)
  A jackal skeleton (D:4)
  2 rats (D:1)
25 creatures vanquished.

Grand Total: 66 creatures vanquished

Notes
Turn   | Place    | Note
-------+----------+-------------------------------------------
     0 | D:1      | Ivernyr the Draconian Summoner began the quest for the Orb.
     0 | D:1      | Reached XP level 1. HP: 14/14 MP: 3/3
    97 | D:1      | Reached XP level 2. HP: 4/20 MP: 3/5
   368 | D:1      | Learned a level 2 spell: Call Imp
  1511 | D:1      | Reached XP level 3. HP: 23/26 MP: 6/6
  1636 | D:1      | Learned a level 3 spell: Call Canine Familiar
  1944 | D:2      | Found a runed translucent door.
  1945 | D:2      | Noticed Crazy Yiuf
  2044 | D:2      | Found a hide-covered altar of Uskayaw.
  2145 | D:2      | Noticed Sigmund
  2201 | D:2      | Killed Sigmund
  2201 | D:2      | Reached XP level 4. HP: 10/34 MP: 1/8
  2564 | D:2      | Killed Crazy Yiuf
  2564 | D:2      | Reached XP level 5. HP: 35/39 MP: 1/9
  3048 | D:3      | Learned a level 3 spell: Summon Guardian Golem
  3880 | D:4      | Noticed an ogre
  3891 | D:4      | Killed an ogre
  3891 | D:4      | Reached skill level 5 in Summonings
  3891 | D:4      | Reached XP level 6. HP: 39/46 MP: 3/11
  4054 | D:4      | Reached skill level 1 in Shields
  4431 | D:4      | Found an ancient bone altar of Kikubaaqudgha.
  4512 | D:4      | Killed from afar by an orc priest

Skill      XL: |  1  2  3  4  5  6 |
---------------+-------------------+-----
Stealth        | 2 |  2.6
Dodging        | 2 3 |  3.1
Spellcasting   | 3 4 |  4.2
Summonings     | 5 |  5.1
Shields        | 1 |  1.4
Fighting       | |  0.7
Maces & Flails | |  0.6
Polearms       | |  0.4

Action                   |  1- 3 |  4- 6 || total
-------------------------+-------+-------++-------
Melee: Unarmed           |    16 |       ||    16
       Tailslap          |    11 |    10 ||    21
       Club              |    77 |       ||    77
       Spear             |     8 |    52 ||    60
       Trident           |       |    80 ||    80
 Cast: Summon Small Mamm |    10 |     9 ||    19
       Call Imp          |     1 |     7 ||     8
       Call Canine Famil |     2 |    13 ||    15
 Stab: Sleeping          |     3 |     3 ||     6
  Eat: Chunk             |     4 |     9 ||    13
Armor: Skin              |    11 |    39 ||    50
Dodge: Dodged            |   108 |   147 ||   255
